Map: 2000 Atmospheres LE

Players

Scarlett

  • Race: Zerg Zerg

Neeb - Winner!

  • Race: Protoss Protoss

Event: DreamHack SC2 Masters 2021 Summer

VOD

Have the link to the VOD?

Description

Time

  • Played on: May 29, 2021, 5:46 p.m.
  • Length: 68:43

All games in this series

Show
View Real Time Build Order
Export as new Build Order

Scarlett Zerg 

Build Orders: Hatch First, Lurkers, Swarm Host 

Get SALT Encoding   

  12  0:00  Drone  
  13  0:12  Overlord  
  13  0:17  Drone  
  14  0:30  Drone x2  
  16  0:47  Hatchery  
  15  0:50  Drone  
  15  0:53  Drone  
  18  0:57  Drone  
  18  1:08  Extractor  
  17  1:12  Spawning Pool  
  17  1:16  Drone  
  17  1:18  Drone  
  18  1:28  Drone  
  19  1:38  Drone  
  20  1:49  Drone  
  21  1:59  Queen x2  
  21  2:00  Zergling x2  
  26  2:06  Overlord  
  26  2:10  Drone  
  26  2:11  Drone, Metabolic Boost  
  28  2:26  Drone x2  
  30  2:35  Hatchery  
  29  2:41  Drone x2  
  31  2:45  Queen  
  31  2:50  Overlord  
  33  2:54  Drone x2  
  35  2:58  Drone  
  36  3:10  Drone x5  
  41  3:12  Queen  
  41  3:16  Overlord  
  41  3:19  Zergling x2  
  44  3:25  Overlord  
  44  3:30  Overlord  
  44  3:34  Queen  
  44  3:36  Spore Crawler  
  44  3:38  Drone  
  44  3:39  Drone  
  46  3:45  Zergling x6  
  49  3:48  Queen  
  49  3:53  Zergling x2  
  49  3:54  Zergling x2  
  53  3:56  Drone x3  
  56  4:04  Drone x3  
  59  4:10  Drone x2  
  59  4:13  Roach Warren  
  59  4:14  Queen  
  62  4:23  Drone x6  
  67  4:29  Spore Crawler  
  67  4:30  Drone x2, Spore Crawler  
  65  4:35  Lair  
  65  4:40  Drone x4  
  67  4:46  Drone x3, Extractor x2  
  66  4:53  Drone x3, Overlord  
  66  4:57  Drone x3  
  72  5:03  Evolution Chamber, Overlord  
  72  5:04  Drone  
  71  5:07  Zergling x4  
  71  5:13  Extractor  
  72  5:19  Overlord  
  72  5:20  Drone x5  
  77  5:25  Roach x5  
  87  5:30  Drone x2, Zerg Missile Weapons Level 1  
  89  5:38  Glial Reconstitution  
  89  5:41  Hatchery  
  87  5:43  Overseer  
  87  5:45  Drone x6  
  87  5:48  Drone  
  87  5:49  Drone  
  95  5:53  Extractor x2  
  95  5:55  Infestation Pit  
  92  5:57  Drone x3  
  92  5:58  Drone x2  
  97  6:05  Overlord x3  
  97  6:14  Overlord x2  
  97  6:30  Roach x9  
  97  6:32  Zergling x8  
  118  6:38  Zergling x6  
  118  6:39  Ravager x5, Zergling x2  
  127  6:54  Zergling x10  
  127  6:55  Zergling x6  
  134  7:05  Roach x7  
  139  7:12  Overlord x4  
  139  7:16  Drone  
  140  7:22  Nydus Network  
  140  7:27  Swarm Host  
  142  7:30  Overlord x2  
  142  7:31  Swarm Host x6  
  142  7:35  Swarm Host  
  163  7:38  Drone x5  
  163  7:43  Extractor  
  163  7:44  Extractor  
  166  7:46  Swarm Host x2  
  172  7:54  Overlord  
  172  7:57  Hive  
  172  7:58  Zergling x8  
  172  7:59  Zergling x16  
  183  8:06  Zerg Missile Weapons Level 2  
  183  8:10  Nydus Canal  
  183  8:24  Hydralisk Den  
  183  8:25  Zergling x2  
  183  8:26  Zergling x28  
  197  8:35  Nydus Canal  
  197  8:40  Hatchery  
  190  8:52  Zergling x4, Roach x8  
  191  8:58  Zergling x18  
  184  9:04  Roach x2  
  184  9:09  Roach x2  
  177  9:14  Roach x6  
  180  9:28  Muscular Augments  
  180  9:29  Lurker Den  
  176  9:32  Nydus Canal  
  176  9:34  Zergling x18  
  185  9:46  Hydralisk x7  
  197  9:58  Evolution Chamber  
  183  10:02  Hydralisk x7  
  183  10:03  Zergling x2  
  181  10:25  Zerg Missile Weapons Level 3, Zerg Ground Armor Level 1  
  181  10:27  Seismic Spines  
  185  10:28  Lurker x4  
  185  10:31  Drone x8  
  185  10:34  Nydus Canal  
  193  10:40  Pneumatized Carapace, Grooved Spines  
  193  10:41  Lurker  
  194  10:45  Zergling x2  
  194  10:46  Zergling x10  
  200  10:52  Nydus Canal  
  197  10:59  Lurker Den  
  197  11:02  Drone x10  
  196  11:08  Lurker x3  
  193  11:24  Adaptive Talons, Spire  
  193  11:25  Spore Crawler x2  
  188  11:26  Spore Crawler  
  188  11:30  Spore Crawler  
  188  11:32  Hydralisk x5  
  192  11:43  Spine Crawler x2  
  192  11:44  Spore Crawler  
  192  11:45  Viper  
  192  11:53  Zergling x20  
  200  11:57  Nydus Canal  
  201  12:04  Adrenal Glands  
  201  12:10  Spine Crawler  
  200  12:16  Overseer  
  200  12:17  Overseer  
  200  12:21  Overlord  
  199  12:25  Extractor  
  199  12:26  Extractor  
  199  12:29  Hydralisk x6  
  187  12:35  Nydus Canal  
  196  12:42  Lurker x2  
  196  12:43  Lurker  
  187  12:46  Zergling x24  
  159  13:09  Hydralisk x9  
  159  13:10  Zergling x6  
  173  13:19  Viper x2  
  173  13:21  Drone  
  173  13:22  Drone x4  
  173  13:23  Drone  
  179  13:34  Drone x5  
  184  13:36  Lurker x3  
  187  13:46  Nydus Canal  
  187  13:51  Lurker  
  187  13:52  Lurker x2  
  187  13:54  Overlord  
  191  13:55  Zergling x16  
  198  14:03  Zerg Flyer Weapons Level 1  
  198  14:04  Spire  
  193  14:17  Corruptor x3  
  193  14:18  Overseer  
  193  14:21  Zerg Melee Weapons Level 1  
  199  14:25  Spine Crawler  
  199  14:26  Spine Crawler  
  199  14:30  Spine Crawler  
  199  14:31  Spine Crawler  
  194  14:32  Spine Crawler  
  194  14:34  Spine Crawler  
  194  14:35  Spine Crawler  
  184  14:40  Lurker, Corruptor  
  184  14:41  Corruptor  
  189  14:45  Corruptor  
  189  14:51  Drone  
  186  14:58  Overseer  
  186  14:59  Zerg Ground Armor Level 2, Corruptor  
  188  15:08  Hydralisk x4  
  196  15:16  Overlord  
  196  15:26  Greater Spire  
  195  15:39  Spore Crawler  
  195  15:40  Spore Crawler  
  195  15:41  Spore Crawler  
  195  15:42  Spore Crawler  
  191  15:46  Lurker x4, Corruptor x2  
  191  16:14  Drone  
  191  16:15  Drone x7  
  191  16:16  Spore Crawler  
  191  16:17  Spore Crawler x2  
  193  16:23  Corruptor x3  
  199  16:31  Lurker  
  199  16:32  Zerg Flyer Armor Level 1  
  188  16:40  Spore Crawler  
  188  16:42  Spore Crawler  
  188  16:43  Spore Crawler x2  
  170  16:59  Spore Crawler  
  170  17:00  Drone x7  
  176  17:02  Zerg Flyer Weapons Level 2  
  170  17:19  Drone x3  
  170  17:20  Drone, Overseer  
  170  17:22  Zerg Melee Weapons Level 2, Zerg Ground Armor Level 3  
  171  17:26  Drone x6  
  171  17:27  Spore Crawler  
  172  17:31  Overseer  
  172  17:32  Drone x3  
  172  17:33  Drone  
  175  17:44  Drone x7  
  173  17:52  Drone x5  
  173  17:58  Drone x3  
  159  18:04  Drone, Nydus Canal  
  159  18:05  Drone  
  154  18:12  Drone  
  152  18:13  Drone x2  
  152  18:14  Drone  
  139  18:41  Zerg Flyer Armor Level 2  
  139  18:46  Zergling x30  
  154  18:50  Pathogen Glands  
  154  18:51  Burrow  
  154  19:00  Hatchery, Drone x5  
  158  19:11  Queen  
  157  19:20  Drone x4  
  157  19:22  Hydralisk Den  
  160  19:24  Drone x2, Unknown  
  160  19:25  Drone  
  162  19:35  Zergling x8  
  162  19:36  Zergling x8  
  156  19:43  Zergling x10  
  146  19:47  Neural Parasite  
  146  19:52  Baneling Nest  
  145  19:55  Hydralisk x5  
  155  20:00  Zerg Flyer Weapons Level 3  
  155  20:02  Zerg Melee Weapons Level 3  
  153  20:12  Hydralisk x8  
  169  20:18  Overseer  
  169  20:21  Overseer  
  167  20:32  Lurker x4  
  167  20:33  Lurker  
  172  20:41  Spine Crawler, Infestor x5, Spore Crawler  
  180  20:43  Overlord x3  
  179  21:05  Overseer  
  179  21:06  Hatchery  
  179  21:10  Unknown  
  177  21:18  Overlord x2  
  177  21:19  Overseer x2  
  177  21:22  Hatchery, Extractor  
  175  21:26  Extractor  
  173  21:51  Corruptor  
  173  21:52  Corruptor x8  
  180  22:11  Zerg Flyer Armor Level 3  
  180  22:12  Lair  
  180  22:16  Spawning Pool  
  179  22:29  Spore Crawler  
  178  22:30  Spore Crawler x2  
  178  22:31  Spore Crawler  
  178  22:34  Spore Crawler  
  174  22:55  Lurker x8  
  182  23:01  Drone x3  
  182  23:05  Spore Crawler  
  184  23:06  Spore Crawler x2  
  184  23:07  Spore Crawler  
  181  23:15  Drone x3  
  181  23:17  Spore Crawler x2  
  181  23:18  Spore Crawler  
  181  23:32  Spire  
  170  24:05  Zergling x30  
  183  24:17  Overseer  
  180  24:32  Overlord  
  177  24:46  Corruptor x12  
  193  25:10  Overlord  
  193  25:14  Hive  
  193  25:15  Spire  
  190  25:49  Hatchery  
  186  25:55  Corruptor x3  
  192  26:13  Extractor  
  192  26:14  Extractor  
  189  26:28  Greater Spire  
  187  26:49  Corruptor  
  187  26:50  Corruptor x3  
  187  26:51  Corruptor x2  
  199  27:05  Overseer  
  199  27:10  Spore Crawler  
  199  27:11  Spore Crawler  
  199  27:12  Spore Crawler  
  199  27:15  Spore Crawler  
  186  27:26  Corruptor x7  
  186  27:52  Spore Crawler x2  
  186  27:54  Spore Crawler  
  186  27:55  Spore Crawler x2  
  181  28:17  Viper x2  
  181  28:18  Viper  
  190  28:45  Drone x3  
  190  29:27  Queen  
  192  30:03  Queen  
  194  30:23  Infestation Pit  
  194  30:24  Drone x3  
  196  30:28  Drone  
  196  30:29  Drone  
  198  31:05  Spore Crawler x2  
  198  31:06  Spore Crawler  
  195  31:33  Infestor x2  
  196  32:02  Spore Crawler  
  196  32:04  Spore Crawler  
  196  32:05  Spore Crawler  
  192  34:23  Brood Lord  
  196  34:24  Brood Lord  
  192  36:40  Spore Crawler  
  192  36:41  Spore Crawler  
  192  36:42  Spore Crawler  
  192  36:43  Spore Crawler  
  188  37:07  Spore Crawler  
  187  37:08  Spore Crawler  
  187  37:15  Spore Crawler  
  185  37:16  Spore Crawler  
  184  37:46  Viper x2  
  188  38:12  Spore Crawler x2  
  186  38:14  Overseer  
  186  38:16  Overseer  
  186  38:21  Spore Crawler x2  
  186  38:22  Spore Crawler  
  183  38:34  Overlord x3  
  183  38:49  Spore Crawler  
  183  38:51  Spore Crawler x3  
  183  38:52  Spore Crawler x2  
  183  38:54  Spore Crawler  
  176  38:56  Spore Crawler  
  176  38:59  Brood Lord  
  176  39:00  Brood Lord x3  
  176  39:01  Brood Lord x3  
  176  39:02  Corruptor x5  
  199  39:50  Spore Crawler  
  199  39:51  Spore Crawler  
  197  39:52  Spore Crawler  
  195  41:41  Corruptor x2  
  193  42:43  Viper x2  
  192  44:16  Overlord x2  
  192  45:41  Spire  
  191  46:09  Viper x2  
  176  49:37  Corruptor x12  
  196  52:37  Viper  
  199  52:51  Spore Crawler  
  198  52:52  Spore Crawler  
  198  52:53  Spore Crawler  
  198  52:54  Spore Crawler  
  198  52:55  Spore Crawler  
  194  53:02  Spore Crawler  
  194  53:03  Spore Crawler  
  194  53:04  Spore Crawler  
  191  53:06  Spore Crawler  
  191  53:07  Spore Crawler  
  189  53:34  Spore Crawler x2  
  188  53:35  Spore Crawler x2  
  180  54:01  Infestor  
  177  55:20  Viper x2  
  180  55:22  Drone  
  180  55:23  Drone x3  
  184  55:30  Brood Lord x4  
  184  55:31  Corruptor x3  
  184  55:35  Zergling x2  
  198  56:01  Greater Spire  
  198  56:02  Spawning Pool  
  197  56:21  Hatchery x2  
  195  56:27  Hatchery  
  173  58:30  Queen x2  
  179  58:36  Drone x7  
  183  59:03  Lair  
  183  59:09  Spore Crawler  
  180  59:11  Spore Crawler  
  180  59:12  Spore Crawler  
  180  59:13  Spore Crawler x2  
  180  59:14  Drone x2, Spore Crawler  
  180  59:15  Spore Crawler  
  176  59:30  Spore Crawler  
  173  60:12  Infestation Pit  
  172  60:40  Corruptor x4  
  172  60:41  Infestor, Spore Crawler  
  179  60:43  Corruptor x8  
  179  60:46  Brood Lord x2  
  199  61:10  Drone  
  197  61:28  Hive  
  191  61:34  Brood Lord x4  
  199  61:43  Spore Crawler  
  198  61:55  Corruptor  
  200  62:13  Infestor  
  197  63:59  Drone x3  
  200  64:24  Viper  
  200  64:57  Hatchery  
  196  66:10  Drone  
  197  66:17  Spawning Pool  
  196  66:27  Drone  
  197  67:07  Drone x3  
  197  67:22  Spore Crawler  
  198  67:23  Spore Crawler x2  
  198  67:24  Spore Crawler  
Show
View Real Time Build Order
Export as new Build Order

Neeb Protoss - Winner!

Build Orders: 1 Gate Expand, Oracle Opening 

Get SALT Encoding   

  12  0:00  Probe  
  13  0:12  Probe  
  14  0:19  Pylon  
  14  0:24  Probe  
  15  0:37  Probe (Chrono Boost), Gateway  
  16  0:46  Probe (Chrono Boost), Assimilator  
  17  0:51  Probe  
  18  1:03  Probe  
  19  1:15  Probe  
  20  1:24  Nexus  
  20  1:35  Cybernetics Core  
  20  1:37  Probe  
  21  1:44  Assimilator  
  21  1:49  Probe  
  21  1:51  Pylon  
  22  2:01  Probe (Chrono Boost)  
  23  2:08  Adept (Chrono Boost)  
  23  2:11  Probe (Chrono Boost)  
  26  2:16  Probe (Chrono Boost)  
  26  2:20  Stargate  
  27  2:27  Warp Gate  
  28  2:30  Probe (Chrono Boost)  
  28  2:33  Adept  
  28  2:36  Probe (Chrono Boost)  
  32  2:45  Probe x2 (Chrono Boost)  
  32  2:50  Probe (Chrono Boost)  
  33  2:52  Probe  
  35  3:02  Probe, Oracle (Chrono Boost)  
  35  3:03  Adept  
  35  3:04  Probe  
  42  3:10  Pylon  
  42  3:14  Probe  
  42  3:16  Probe  
  42  3:19  Gateway  
  44  3:26  Probe  
  45  3:28  Probe  
  45  3:33  Oracle  
  49  3:36  Pylon  
  49  3:38  Probe  
  50  3:42  Probe  
  51  3:50  Nexus  
  51  3:51  Probe  
  51  3:55  Pylon  
  52  3:56  Probe  
  52  4:01  Assimilator  
  53  4:03  Assimilator  
  53  4:04  Probe  
  53  4:09  Probe  
  55  4:16  Forge  
  55  4:17  Twilight Council  
  55  4:19  Probe  
  55  4:23  Probe  
  55  4:27  Adept x2  
  55  4:31  Probe  
  58  4:33  Robotics Facility  
  58  4:35  Probe, Pylon  
  59  4:40  Shield Battery  
  59  4:43  Blink  
  59  4:47  Protoss Ground Weapons Level 1 (Chrono Boost)  
  59  4:49  Probe x2  
  58  5:01  Probe x2  
  58  5:03  Probe (Chrono Boost)  
  59  5:07  Gateway  
  59  5:08  Gateway  
  59  5:09  Sentry  
  59  5:10  Sentry  
  59  5:13  Probe (Chrono Boost)  
  59  5:14  Probe (Chrono Boost)  
  65  5:15  Probe (Chrono Boost)  
  65  5:21  Observer  
  67  5:23  Gateway  
  67  5:24  Probe x3 (Chrono Boost)  
  67  5:27  Gateway  
  70  5:28  Probe x2 (Chrono Boost)  
  72  5:36  Gateway  
  72  5:40  Probe x2  
  72  5:41  Probe, Gateway  
  75  5:44  Sentry  
  75  5:45  Assimilator, Sentry  
  75  5:49  Pylon  
  79  5:50  Warp Prism (Chrono Boost)  
  79  5:56  Probe x2  
  83  5:58  Probe  
  84  6:04  Pylon  
  84  6:05  Pylon  
  84  6:08  Stalker, Sentry x2  
  84  6:11  Stalker  
  92  6:21  Stalker x2  
  96  6:26  Pylon  
  96  6:28  Pylon x2  
  96  6:35  Nexus  
  96  6:37  Pylon  
  96  6:46  Stalker x4  
  104  6:49  Stalker  
  106  6:55  Stalker x2  
  106  6:56  Stalker  
  106  7:00  Probe x2, Charge (Chrono Boost)  
  114  7:03  Protoss Ground Weapons Level 2 (Chrono Boost)  
  114  7:07  Probe  
  110  7:09  Observer  
  110  7:12  Probe x2  
  113  7:18  Stalker x3  
  113  7:19  Probe  
  120  7:24  Probe, Assimilator  
  120  7:27  Probe  
  122  7:34  Stalker x4  
  130  7:39  Shield Battery  
  130  7:41  Photon Cannon  
  130  7:43  Stalker x2  
  130  7:44  Pylon  
  134  7:45  Probe x2  
  136  7:56  Stalker  
  136  7:57  Stalker x2  
  142  8:02  Probe  
  143  8:08  Probe x2  
  143  8:10  Probe, Assimilator  
  146  8:13  Stalker x4  
  146  8:14  Assimilator  
  146  8:15  Photon Cannon  
  146  8:18  Probe  
  155  8:20  Probe  
  155  8:25  Robotics Facility, Robotics Bay  
  156  8:28  Stalker x3  
  162  8:37  Photon Cannon  
  162  8:38  Shield Battery  
  162  8:47  Stalker x2  
  162  8:48  Stalker x2  
  164  8:55  Probe x3  
  152  8:56  Probe  
  152  9:00  Stalker x4  
  147  9:07  Probe  
  139  9:15  Stalker x4  
  143  9:24  Stalker x4  
  140  9:36  Gateway  
  140  9:37  Gateway  
  140  9:40  Gateway  
  140  9:42  Stalker x3, Sentry  
  140  9:44  Gateway  
  148  9:48  Stalker x4  
  148  9:49  Protoss Ground Weapons Level 3 (Chrono Boost)  
  148  10:09  Probe  
  148  10:10  Probe  
  148  10:11  Stalker x5  
  158  10:15  Stalker x3  
  164  10:25  Pylon x2  
  164  10:26  Pylon  
  164  10:27  Pylon  
  164  10:28  Assimilator  
  164  10:29  Pylon  
  164  10:43  Probe x2, Disruptor x2 (Chrono Boost)  
  164  10:45  Shield Battery  
  164  10:47  Zealot, Shield Battery  
  164  10:48  Zealot x9  
  192  11:07  Fleet Beacon  
  192  11:10  Stargate  
  173  11:12  Stargate  
  173  11:13  Disruptor x2 (Chrono Boost)  
  173  11:14  Zealot x5  
  180  11:37  Observer  
  181  11:44  Zealot  
  181  11:45  Zealot x6  
  181  12:02  Photon Cannon  
  181  12:03  Photon Cannon x2  
  181  12:04  Photon Cannon, Protoss Air Weapons Level 1 (Chrono Boost)  
  181  12:05  Photon Cannon  
  181  12:07  Photon Cannon x2  
  181  12:08  Shield Battery  
  181  12:10  Shield Battery  
  181  12:13  Templar Archives  
  179  12:22  Protoss Shields Level 1 (Chrono Boost)  
  179  12:29  Pylon  
  171  12:31  Zealot x8  
  171  12:35  Carrier (Chrono Boost)  
  171  12:36  Carrier x2 (Chrono Boost)  
  165  13:07  Zealot x7  
  165  13:09  Disruptor x2 (Chrono Boost)  
  165  13:11  Psionic Storm  
  163  13:12  High Templar  
  163  13:13  High Templar x5  
  163  13:14  Zealot x6  
  187  13:26  Nexus  
  187  13:28  Pylon  
  187  13:30  Archon  
  187  13:32  Pylon  
  187  13:52  High Templar  
  187  13:53  High Templar x3  
  187  13:54  High Templar x2  
  199  14:00  Archon x2  
  198  14:10  Photon Cannon  
  198  14:12  Protoss Air Weapons Level 2 (Chrono Boost)  
  186  14:21  Protoss Shields Level 2 (Chrono Boost)  
  184  14:26  Nexus  
  184  14:28  Pylon  
  184  14:31  Pylon  
  184  14:45  Assimilator  
  184  14:47  Assimilator  
  184  14:55  Photon Cannon  
  184  14:56  Photon Cannon  
  184  14:57  Photon Cannon  
  184  14:59  Photon Cannon  
  184  15:01  Photon Cannon  
  184  15:03  Photon Cannon  
  184  15:04  Photon Cannon  
  184  15:08  Shield Battery  
  184  15:09  Shield Battery  
  184  15:11  Shield Battery  
  184  15:13  Shield Battery  
  184  15:15  Shield Battery  
  184  15:22  Stargate  
  184  15:24  Stargate  
  184  15:27  Stargate  
  184  15:32  Dark Shrine  
  184  15:39  Photon Cannon  
  184  15:43  Photon Cannon  
  184  15:49  Photon Cannon  
  184  15:51  Shield Battery  
  184  15:55  Zealot x5  
  194  16:21  Pylon  
  198  16:29  Protoss Shields Level 3 (Chrono Boost)  
  186  16:40  Nexus  
  190  16:49  Protoss Air Weapons Level 3 (Chrono Boost)  
  168  17:02  Zealot, Dark Templar x2  
  168  17:03  Zealot x4  
  168  17:05  Void Ray x3  
  168  17:06  Void Ray x2  
  182  17:08  Zealot x2  
  182  17:09  Zealot x2  
  200  17:15  Photon Cannon, Shadow Stride  
  200  17:17  Photon Cannon  
  200  17:20  Photon Cannon  
  200  17:22  Photon Cannon  
  196  17:23  Pylon  
  196  17:26  Pylon  
  196  17:27  Flux Vanes  
  196  17:29  Unknown  
  192  17:32  Pylon  
  190  17:54  Tempest  
  190  17:55  Tempest x3  
  196  18:13  Photon Cannon  
  196  18:15  Photon Cannon  
  196  18:19  Photon Cannon  
  196  18:20  Photon Cannon  
  196  18:22  Photon Cannon  
  196  18:24  Shield Battery  
  196  18:27  Shield Battery  
  194  18:50  Mothership (Chrono Boost)  
  200  18:59  Nexus  
  200  19:01  Pylon  
  200  19:06  Pylon  
  198  19:21  Protoss Air Armor Level 1 (Chrono Boost)  
  190  19:41  Dark Templar  
  190  19:42  High Templar x2, Dark Templar  
  190  19:44  Protoss Ground Armor Level 1  
  194  19:45  Photon Cannon  
  194  19:48  Photon Cannon  
  194  19:49  Shield Battery  
  194  20:04  Photon Cannon, Unknown  
  194  20:07  Photon Cannon  
  194  20:16  Shield Battery  
  194  20:19  Assimilator  
  194  20:21  Assimilator  
  194  20:23  Photon Cannon  
  194  20:26  Shield Battery  
  192  20:34  High Templar x2  
  192  20:35  High Templar x2  
  200  20:39  Archon x2  
  200  20:47  Photon Cannon, Pylon  
  199  20:50  Photon Cannon  
  193  20:58  Oracle x3  
  199  21:16  Nexus  
  199  21:18  Photon Cannon, Protoss Air Armor Level 2 (Chrono Boost), Pylon  
  199  21:19  Photon Cannon  
  199  21:20  Photon Cannon x2  
  199  21:22  Assimilator  
  199  21:23  Shield Battery x2  
  199  21:25  Shield Battery, Assimilator  
  193  21:34  Tempest  
  193  21:39  Pylon  
  190  22:36  Tempest  
  187  22:37  Tempest  
  197  22:49  Photon Cannon  
  194  22:52  Photon Cannon  
  194  22:55  Photon Cannon  
  194  23:04  Pylon  
  194  23:09  Shield Battery  
  194  23:10  Shield Battery  
  194  23:11  Shield Battery  
  194  23:14  Pylon  
  194  23:16  Observer (Chrono Boost)  
  194  23:19  Gravitic Boosters  
  195  23:25  Shield Battery x2  
  195  23:26  Shield Battery  
  195  23:27  Shield Battery  
  195  23:28  Photon Cannon  
  195  23:29  Photon Cannon  
  181  24:06  Void Ray x4  
  197  24:23  Nexus  
  193  24:37  Pylon  
  193  24:39  Assimilator  
  193  24:40  Assimilator  
  193  24:52  Pylon  
  183  25:02  Void Ray x3  
  183  25:07  Tempest  
  183  25:12  Photon Cannon  
  200  25:14  Photon Cannon  
  200  25:16  Photon Cannon, Shield Battery  
  197  25:51  Protoss Ground Armor Level 2 (Chrono Boost)  
  197  26:17  Protoss Air Armor Level 3 (Chrono Boost)  
  193  26:53  High Templar x3  
  199  28:14  Photon Cannon x2  
  199  28:17  Photon Cannon x2  
  199  28:19  Photon Cannon  
  199  28:23  Mothership (Chrono Boost)  
  199  29:04  Pylon  
  189  29:10  Tempest x2  
  198  29:59  Observer  
  198  31:02  Observer  
  198  31:50  Mothership (Chrono Boost)  
  198  32:09  Protoss Ground Armor Level 3 (Chrono Boost)  
  198  32:26  Warp Prism (Chrono Boost)  
  198  32:31  Gravitic Drive  
  200  32:56  Observer  
  199  34:11  Tempest x3 (Chrono Boost)  
  199  34:27  Cybernetics Core  
  189  35:32  Tempest x2  
  190  36:46  Void Ray x2  
  192  38:24  Stargate  
  192  38:27  Stargate  
  192  38:33  Stargate  
  192  38:35  Stargate  
  192  38:36  Void Ray x2  
  192  38:37  Stargate  
  192  38:41  Stargate  
  200  39:14  Observer  
  200  39:21  Observer  
  198  40:12  Observer  
  198  42:22  Pylon  
  198  42:27  Oracle  
  198  42:52  Shield Battery  
  198  42:55  Shield Battery  
  198  42:58  Shield Battery  
  198  42:59  Shield Battery x2  
  198  43:01  Shield Battery, Mothership (Chrono Boost)  
  198  43:03  Shield Battery  
  198  43:04  Photon Cannon  
  190  43:08  Photon Cannon  
  198  43:13  Photon Cannon  
  191  44:26  Void Ray x2 (Chrono Boost)  
  191  44:30  Observer  
  200  44:42  Shield Battery  
  200  44:48  Pylon  
  197  45:18  Oracle  
  189  46:28  High Templar  
  189  46:29  High Templar  
  193  46:38  Oracle x2  
  199  47:09  Probe  
  200  47:51  Pylon  
  200  48:11  Shield Battery x2  
  200  48:13  Shield Battery x2  
  200  48:32  Shield Battery  
  200  48:33  Shield Battery  
  200  48:35  Photon Cannon  
  200  48:37  Photon Cannon  
  200  48:40  Pylon  
  200  48:46  Pylon  
  200  48:52  Mothership (Chrono Boost)  
  200  49:09  Shield Battery  
  188  49:19  Carrier x2  
  195  50:19  Void Ray  
  199  51:27  Shield Battery  
  199  51:28  Shield Battery  
  199  51:30  Pylon  
  186  52:25  Void Ray x2  
  195  52:43  Probe (Chrono Boost)  
  195  52:48  Mothership (Chrono Boost)  
  187  52:53  Void Ray x2  
  197  53:11  Oracle  
  200  53:14  Photon Cannon  
  200  53:16  Photon Cannon  
  200  53:18  Photon Cannon  
  200  53:20  Photon Cannon  
  200  53:23  Photon Cannon x2  
  200  53:25  Photon Cannon  
  197  53:55  Photon Cannon  
  197  53:56  Photon Cannon  
  197  53:57  Photon Cannon x2  
  194  55:28  Pylon  
  194  55:45  Pylon  
  194  55:57  Shield Battery  
  194  56:01  Shield Battery x2  
  187  57:35  Void Ray x3  
  198  58:23  Pylon  
  198  58:43  Shield Battery  
  198  58:44  Shield Battery  
  198  58:45  Shield Battery  
  198  58:48  Shield Battery x2  
  198  58:49  Photon Cannon  
  198  58:52  Photon Cannon  
  198  59:46  Pylon  
  188  60:13  Void Ray x3  
  200  60:24  Shield Battery x2  
  200  60:25  Shield Battery x2  
  200  61:14  Pylon  
  200  61:38  Shield Battery  
  200  61:40  Shield Battery x2  
  200  61:42  Shield Battery  
  200  61:47  Shield Battery  
  200  61:49  Photon Cannon  
  200  63:04  Photon Cannon  
  200  63:06  Photon Cannon  
  200  63:11  Pylon  
  200  63:42  Shield Battery  
  200  63:43  Shield Battery  
  200  63:44  Shield Battery  
  200  63:45  Shield Battery  
  195  64:06  Tempest  
  200  64:23  Tempest  
  197  66:36  Pylon  
  197  67:17  Shield Battery x2  
  197  67:19  Shield Battery x2  
  197  67:20  Shield Battery  
  197  67:21  Shield Battery  
  195  67:57  Void Ray x2  
Tags
 
Add a new tag
Caveats
  • Supply blocks, unpowered buildings, or Contaminate may cause inaccurate times.
  • Supply counts are checked every 10 seconds.